 Dungeon Crawl Stone Soup version 0.16-a0-3880-g9314259 (webtiles) character file.

70 Gorice the Caller (level 4, 0/39 HPs)
             Began as an Ogre Summoner on Feb 1, 2015.
             Killed from afar by Grinder (7 damage)
             ... with a wand of flame
             ... on level 4 of the Dungeon.
             The game lasted 00:15:48 (2426 turns).

Gorice the Caller (Ogre Summoner)                   Turns: 2426, Time: 00:15:49

Health: 0/39       AC:  3    Str: 18    XL:     4   Next: 21%
Magic:  2/9        EV: 10    Int: 15    God:
Gold:   110        SH:  0    Dex: 10    Spells: 2 memorised, 6 levels left

rFire  . . .     SeeInvis .     a - +0 club
rCold  + . .     Clarity  .     e - +0 robe
rNeg   . . .     SustAb   .     (shield restricted)
rPois  .         Gourm    .     (helmet restricted)
rElec  .         Spirit   .     (no cloak)
rCorr  .         Warding  .     (gloves unavailable)
rMut   .         Stasis   .     (boots unavailable)
MR     .....                    (no amulet)
Stlth  +.........               (no ring)
                                i - ring of protection from cold

@: mighty, not resistant to hostile enchantments, very unstealthy
A: unfitting armour, tough skin 1
a: no special abilities


You were on level 4 of the Dungeon.
You were near starving.

You visited 1 branch of the dungeon, and saw 4 of its levels.

You collected 110 gold pieces.

Inventory:

Hand weapons
 a - a +0 club (weapon)
 q - a +0 whip
 u - a +0 dagger of venom
   (You found it on level 3 of the Dungeon)
Missiles
 v - 12 poisoned needles
 Z - 109 stones (quivered)
Armour
 d - a +0 large shield
 e - a +0 robe (worn)
Magical staves
 g - an uncursed staff of fire
Jewellery
 i - a ring of protection from cold (left hand)
Scrolls
 k - a scroll of remove curse
 n - a scroll of recharging
 w - a scroll of magic mapping {!r}
Potions
 f - 3 potions of agility {!q}
 h - a potion of lignification {!q}
 j - 3 potions of might {!q}
 p - a potion of haste {!q}
 s - a potion of curing
 t - a potion of ambrosia {!q}
 x - a potion of degeneration {!q}
Books
 b - a book of Callings
Comestibles
 c - 4 meat rations {!e}
 l - 6 fruits
 m - 2 bread rations {!e}
 r - a beef jerky


   Skills:
 + Level 0.0 Fighting
 - Level 2.0 Maces & Flails
 + Level 2.1 Dodging
 - Level 1.5 Stealth
 + Level 3.2 Spellcasting
 * Level 3.5 Summonings


You had 6 spell levels left.
You knew the following spells:

 Your Spells              Type           Power        Failure   Level  Hunger
a - Summon Small Mammal   Summ           ##..         6%          1    #......
b - Call Imp              Summ           ##......     10%         2    ##.....


Dungeon Overview and Level Annotations

Branches:
Dungeon (4/15)
 Temple: D:4-7

Altars:

Annotations:
D:4 Grinder


Innate Abilities, Weirdness & Mutations

You are too large for most types of armour.
You have tough skin (AC +1).


Message History

Your white imp gestures at Grinder.
The puff of frost hits Grinder.
Grinder resists.
Grinder zaps a wand.
The puff of flame hits your white imp.
Your white imp is burned terribly!
Your white imp dies!
You hit Grinder.
Grinder is lightly wounded.
Grinder zaps a wand.
The puff of flame hits you!
Your crimson imp blinks!
You take 7 damage.
Unknown command.
You closely miss Grinder.
Grinder is lightly wounded.
Your bat closely misses Grinder.
Grinder hits you but does no damage.
You swap places.
Your bat hits Grinder but does no damage. x2
Grinder zaps a wand.
The puff of flame hits your bat.
Your bat dies!
Your bat's corpse disappears in a puff of smoke!
Your rat barely misses Grinder.
Grinder closely misses your rat.
Your rat barely misses Grinder.
Your rat misses Grinder.
Drink which item? (? for menu, Esc to quit)
Really quaff
j - 4 potions of might {!q}?
You feel very mighty all of a sudden.
Grinder zaps a wand.
The puff of flame hits your rat.
Your rat dies!
Your rat's corpse disappears in a puff of smoke!
Your rat bites Grinder but does no damage.
Grinder gestures at you. You resist with significant effort.
You closely miss Grinder.
Grinder is lightly wounded.
Grinder gestures at you. Pain shoots through your body!
* * * LOW HITPOINT WARNING * * *
Your crimson imp blinks!
Your rat barely misses Grinder.
Grinder zaps a wand.
The puff of flame hits you!
* * * LOW HITPOINT WARNING * * *
You take 15 damage.
Unknown command.
You hit Grinder.
Grinder is lightly wounded.
Your rat bites Grinder.
Grinder gestures.
Grinder blinks!
Unknown command.
You swap places.
Grinder zaps a wand.
The puff of flame hits you!
You die...

..โ‰ˆ
โ‰ˆโ‰ˆ.......##. . ..
.... [.# .##
#..#.##.. #.# ..#
#...[...## #.## .##
#.......####..##..#
?.5..####....#....#.#
. ##...ยง.......#
#............#
#.....r@.....#
#..5........<#
##...........##
##5..##......##
########.....#
##...## #####


You could see Grinder, a friendly crimson imp and a friendly rat.

Vanquished Creatures
  3 ball pythons
  5 goblins
  A hobgoblin (D:1)
  4 bats
  A giant gecko (D:1)
  2 giant newts (D:1)
  A kobold (D:1)
  8 rats
25 creatures vanquished.

Vanquished Creatures (collateral kills)
  A hound (D:3)
  An adder (D:2)
  2 worms
  A giant gecko (D:3)
  2 oozes
  2 bats
  3 giant cockroaches
  6 hobgoblins
  A quokka (D:3)
  2 ball pythons (D:2)
  5 goblins (D:1)
  3 kobolds
  A rat (D:1)
30 creatures vanquished.

Vanquished Creatures (others)
  A white imp (D:4)
  8 bats
  4 quokkas
  14 rats
27 creatures vanquished.

Grand Total: 82 creatures vanquished

Notes
Turn   | Place    | Note
--------------------------------------------------------------
     0 | D:1      | Gorice, the Ogre Summoner, began the quest for the Orb.
     0 | D:1      | Reached XP level 1. HP: 16/16 MP: 3/3
    93 | D:1      | Reached skill level 3 in Summonings
   211 | D:1      | Reached skill level 2 in Dodging
   213 | D:1      | Reached XP level 2. HP: 21/24 MP: 1/5
   347 | D:1      | Reached skill level 1 in Maces & Flails
   813 | D:1      | Learned a level 2 spell: Call Imp
   942 | D:2      | Reached XP level 3. HP: 31/31 MP: 1/6
  1668 | D:3      | Reached skill level 3 in Spellcasting
  1869 | D:3      | HP: 8/31 [hound (4)]
  1869 | D:3      | Reached skill level 2 in Maces & Flails
  1869 | D:3      | Reached XP level 4. HP: 10/39 MP: 4/9
  2403 | D:4      | Noticed Grinder
  2424 | D:4      | HP: 10/39 [Grinder/nerve-wracking pain (11)]
  2426 | D:4      | Killed from afar by Grinder

Action                   |  1- 3 |  4- 6 || total
-------------------------+-------+-------++-------
Melee: Club              |   113 |    19 ||   132
Throw: Stone             |     3 |     5 ||     8
 Cast: Summon Small Mamm |    63 |    18 ||    81
       Call Imp          |       |     2 ||     2
  Use: Scroll            |    10 |     2 ||    12
       Potion            |       |     1 ||     1
 Stab: Distracted        |     2 |       ||     2
       Sleeping          |     1 |       ||     1
  Eat: Chunk             |     4 |       ||     4

Table legend:
 A = Turns spent in this place as a percentage of turns spent in the entire game.
 B = Non-inter-level travel turns spent in this place as a percentage of non-inter-level travel turns spent in the entire game.
 C = Inter-level travel turns spent in this place as a percentage of turns spent in this place.
 D = Turns resting spent in this place as a percentage of non-inter-level travel turns spent in this place.
 E = Turns spent auto-exploring this place as a percentage of non-inter-level travel turns spent in this place.
 F = Non-inter-level travel turns spent in this place divided by the number of levels of this place that you've seen.
                   A       B       C       D       E      F
               +-------+-------+-------+-------+-------+----------------------
         Total | 100.0 | 100.0 |   0.4 |   0.8 |   6.4 | 250.2
       Dungeon | 100.0 | 100.0 |   0.4 |   0.8 |   6.4 | 250.2
               +-------+-------+-------+-------+-------+----------------------

Vault maps used:
D:1:      lemuel_arrival_rhombus
D:2:      first_bread
D:3:      kennysheep_potato
D:4:      temple_pool_b, serial_shops, nicolae_shop_statue_plus, uniq_grinder,
          uniq_sigmund, uniq_natasha
